AoeStats
← Kanto

African Clearing

510613326Analyzed
4v4 RM · 7h ago on Oct 1, 2026· 51m 13s· 8 players
Game mode
Random Map
Map size
Large (8 player)
Population
200
Speed
Normal
Resources
Standard
Victory
Conquest
Starting age
Dark Age
Ending age
Imperial Age
RankedLock teamsTeams togetherTeam positionsShared explorationLock speedFull tech treeHidden civsTurbo modeCheats
Victory
Defeat
🇲🇽 Franks · Mexico
931
+13
🇲🇽 Romans · Mexico
931
+13
🇮🇳 Maya · India
882
+35
🇹🇷 Teutons · Türkiye
734
+20
🇬🇧 Bulgarians · United Kingdom
880
-16
🇹🇷 Spanish · Türkiye
878
-16
🇫🇷 Byzantines · France
849
-15
🇩🇪 Franks · Germany
833
-14
Julesfreeman
17:44 Feudal Age
18:16 Double-Bit Axe
28:43 Castle Age
31:34 Gold Mining
32:26 Bow Saw
32:59 Wheelbarrow
32:10 Town Watch
32:11 Loom
39:59 Hand Cart
39:45 Town Patrol
Fatih Sultan MEHMET
16:41 Feudal Age
18:09 Man-at-Arms
25:13 Castle Age
31:01 Horse Collar
31:12 Double-Bit Axe
32:01 Loom
35:34 Bow Saw
39:23 Imperial Age
38:25 Fletching
39:14 Bloodlines
39:04 Husbandry
39:08 Elite Skirmisher
Goblawam
14:13 Feudal Age
14:45 Double-Bit Axe
14:43 Horse Collar
19:19 Gold Mining
20:53 Stone Mining
23:08 Castle Age
21:52 Forging
25:53 Bow Saw
26:24 Wheelbarrow
26:02 Heavy Plow
28:38 Loom
32:21 Elite Skirmisher
36:44 Imperial Age
37:53 Ballistics
38:34 Chemistry
37:36 Fletching
37:55 Scale Mail Armor
38:03 Scale Barding Armor
38:34 Iron Casting
38:00 Padded Archer Armor
38:40 Conscription
40:35 Two-Man Saw
39:42 Heavy Camel Rider
41:44 Logistica
47:44 Treadmill Crane
48:40 Bodkin Arrow
HighTowerM8
5:12 Loom
15:24 Feudal Age
15:49 Double-Bit Axe
20:37 Castle Age
20:24 Horse Collar
22:33 Bow Saw
23:16 Heavy Plow
27:14 Stone Mining
27:17 Gold Mining
28:42 Wheelbarrow
30:46 Stone Shaft Mining
30:50 Gold Shaft Mining
I MISS HER
16:13 Feudal Age
18:14 Double-Bit Axe
24:18 Castle Age
22:36 Gold Mining
23:43 Stone Mining
23:35 Horse Collar
25:09 Bloodlines
27:01 Stone Shaft Mining
27:23 Bow Saw
28:23 Wheelbarrow
29:56 Elite Skirmisher
31:10 Pikeman
33:04 Fletching
33:31 Scale Barding Armor
44:26 Imperial Age
42:42 Chain Barding Armor
44:59 Cavalier
47:41 Two-Man Saw
JamesTKirk
7:38 Loom
17:06 Feudal Age
17:34 Double-Bit Axe
17:38 Horse Collar
19:55 Gold Mining
23:29 Castle Age
24:47 Wheelbarrow
26:06 Bow Saw
26:37 Gold Shaft Mining
26:06 Heavy Plow
37:01 Stone Mining
39:08 Hand Cart
41:25 Imperial Age
41:34 Capped Ram
41:35 Heavy Scorpion
42:43 Ballistics
43:23 Chemistry
44:47 Crop Rotation
44:34 Siege Ram
47:02 Ballistas
49:52 Forging
49:42 Scale Mail Armor
49:48 Scale Barding Armor
49:44 Padded Archer Armor
49:35 Fletching
51:00 Town Watch
51:55 Iron Casting
51:36 Chain Mail Armor
Kanto
5:02 Loom
13:35 Feudal Age
17:38 Castle Age
17:01 Double-Bit Axe
22:34 Horse Collar
24:00 Fletching
26:12 Bodkin Arrow
27:10 Padded Archer Armor
28:40 Wheelbarrow
29:49 Hand Cart
31:22 Town Watch
31:53 Bow Saw
36:22 Imperial Age
34:27 Heavy Plow
35:41 Gold Mining
35:41 Stone Mining
36:46 Ballistics
37:04 Bracer
39:53 Chemistry
40:54 Leather Archer Armor
41:55 Stone Shaft Mining
41:34 Eagle Warrior
42:15 Squires
42:29 Scale Mail Armor
42:39 Forging
42:58 Conscription
43:15 Hoardings
42:42 Treadmill Crane
43:12 Masonry
42:57 Arson
44:57 Chain Mail Armor
45:18 Iron Casting
44:43 Elite Eagle Warrior
46:39 Plate Mail Armor
48:29 Holcans
VALAZZU
6:37 Loom
15:07 Feudal Age
16:44 Wheelbarrow
16:49 Town Watch
18:45 Double-Bit Axe
26:36 Castle Age
25:50 Scale Barding Armor
25:56 Forging
26:05 Stone Mining
26:06 Gold Mining
29:33 Husbandry
35:19 Hand Cart
35:12 Town Patrol
36:02 Chain Barding Armor
35:43 Scale Mail Armor
36:18 Iron Casting
43:05 Imperial Age
43:11 Sanctity
42:52 Devotion
42:49 Herbal Medicine
43:05 Fervor
44:13 Illumination
44:49 Plate Barding Armor
44:32 Chain Mail Armor
44:10 Fletching
44:21 Padded Archer Armor
45:01 Gold Mining
47:21 Blast Furnace
45:45 Cavalier
47:14 Block Printing
49:01 Chivalry
48:31 Paladin
48:34 Light Cavalry
51:04 Heresy
51:20 Theocracy
51:49 Chemistry
51:00 Bodkin Arrow
51:21 Leather Archer Armor
51:37 Plate Mail Armor
51:09 Squires
50:30 Man-at-Arms
50:56 Arson
Connection lost

Rejoining the realm…

Still unreachable

The connection could not be restored.

Session expired

The server has moved on; the page needs a fresh start.